 Dungeon Crawl Stone Soup version 0.25.1-11-g244df3a29b (webtiles) character file.

Game seed: 11947726998058198519

72 DeepDeath the Slasher (level 4, 0/38 HPs)
             Began as a Draconian Fighter on Nov 16, 2023.
             Slain by an ice beast (5 damage)
             ... on level 2 of the Dungeon.
             The game lasted 00:03:08 (1435 turns).

DeepDeath the Slasher (Draconian Fighter)           Turns: 1435, Time: 00:03:08

Health: 0/38       AC:  5    Str: 19    XL:     4   Next: 7%
Magic:  4/4        EV: 10    Int:  8    God:
Gold:   102        SH:  9    Dex: 11    Spells: 3/3 levels left

rFire    . . .     SeeInvis .   a - +0 long sword
rCold    + . .     Gourm    .   b - +0 kite shield
rNeg     . . .     Faith    .   (armour unavailable)
rPois    .         Spirit   .   (helmet restricted)
rElec    .         Reflect  .   (no cloak)
rCorr    .         Harm     .   (no gloves)
MR       .....                  (no boots)
Stlth    +.........             (no amulet)
HPRegen  0.12/turn              m - ring of protection from cold
MPRegen  0.09/turn              (no ring)

@: no status effects
A: unfitting armour, cold-blooded, AC +5
a: no special abilities


You were on level 2 of the Dungeon.
You were not hungry.

You visited 1 branch of the dungeon, and saw 2 of its levels.

You collected 102 gold pieces.

Inventory:

Hand Weapons
 a - a +0 long sword (weapon)
Missiles
 e - 57 stones (quivered)
 f - 14 poisoned darts
Armour
 b - a +0 kite shield (worn)
Jewellery
 m - a ring of protection from cold (left hand)
Scrolls
 i - a scroll of teleportation
 j - a scroll of remove curse
Potions
 c - a potion of might
 h - a potion of curing {unknown}
 k - a potion of haste
 l - a potion of lignification
Comestibles
 d - 3 rations
 g - 4 chunks of flesh


   Skills:
 - Level 3.2 Fighting
 + Level 4.4 Long Blades
 - Level 2.6 Dodging
 - Level 3.0 Shields


You had 3 spell levels left.
You didn't know any spells.
Your spell library was empty.

Dungeon Overview and Level Annotations

Branches:
Dungeon (2/15)

Altars:


Innate Abilities, Weirdness & Mutations

Your plain brown scales are hard. (AC +5)
You cannot fit into any form of body armour.
You are cold-blooded and may be slowed by cold attacks.


Message History

The ice beast is moderately wounded.
The ice beast hits you. The ice beast freezes you. You resist.
The hobgoblin drinks a potion.
The hobgoblin seems to speed up.
You are too injured to fight recklessly!
You are too injured to fight recklessly!
You are too injured to fight recklessly!
You are too injured to fight recklessly!
You completely miss the ice beast.
The ice beast is moderately wounded.
The ice beast hits you. The ice beast freezes you. You resist.
* * * LOW HITPOINT WARNING * * *
You slash the ice beast!
The ice beast is severely wounded.
The hobgoblin hits you.
* * * LOW HITPOINT WARNING * * *
The ice beast barely misses you. You block the hobgoblin's attack.
You hit the ice beast but do no damage.
The ice beast is severely wounded.
The ice beast hits you.
You die...

....................##.
#......................
..........#...#####....
#......###...# ####.
#........†...# ##
#.#...##.##..# #####
#............# #....
##..#.#....##...# #....
#....Y@..######.. #....
#...##g<.# #..#....
#......÷(### #..###.
....####(..# ## ##
..##....##..# .##
.#...... #..# ...
.#..... #.# ### ..#..?.
..# ..l#..# .#


You could see an ice beast and a hobgoblin (fast).

Vanquished Creatures
  3 adders (D:2)
  3 dart slugs (D:1)
  A leopard gecko (D:1)
  A giant cockroach (D:2)
  4 goblins
  4 hobgoblins
  7 kobolds
  2 quokkas (D:2)
  5 bats
  6 frilled lizards
  5 rats
41 creatures vanquished.

Notes
Turn   | Place    | Note
-------+----------+-------------------------------------------
     0 | D:1      | DeepDeath the Draconian Fighter began the quest for the
                  | Orb.
     0 | D:1      | Reached XP level 1. HP: 19/19 MP: 1/1
   244 | D:1      | Reached XP level 2. HP: 25/26 MP: 2/2
   268 | D:1      | Reached skill level 3 in Long Blades
   815 | D:1      | Reached XP level 3. HP: 29/31 MP: 3/3
  1074 | D:2      | Noticed an ice beast
  1171 | D:2      | Reached skill level 4 in Long Blades
  1323 | D:2      | Reached XP level 4. HP: 32/38 MP: 4/4
  1435 | D:2      | Slain by an ice beast

Illustrated notes

Levels and vault maps discovered:
D:1:      minmay_arrival_glassed_features, layout_basic
D:2:      layout_rooms, fedhas_altar_1, minmay_circled_x

Skill      XL: |  1  2  3 |
---------------+----------+-----
Long Blades    | 3 4 |  4.4
Fighting       | |  3.2
Dodging        | |  2.6
Shields        | |  3.0

Action                   |  1- 3 |  4- 6 || total
-------------------------+-------+-------++-------
Melee: Long sword        |    88 |    16 ||   104
       Tailslap          |     8 |     1 ||     9
Throw: Stone             |     3 |     4 ||     7
       Dart              |     1 |       ||     1
  Use: Scroll            |     4 |       ||     4
  Eat: Chunk             |     1 |     1 ||     2
Armor: Skin              |    28 |     3 ||    31
Dodge: Dodged            |    35 |     6 ||    41
Block: Kite shield       |    46 |     3 ||    49
       Rpst.: Long sword |    15 |     1 ||    16
